 Dungeon Crawl Stone Soup version 0.30-a0-121-gb27577e5d9 (webtiles) character file.

Game seed: 12650184242419578838

942 MisterAzrael the Magician (level 7, -2/36 HPs)
             Began as a Deep Elf Hedge Wizard on Sept 14, 2022.
             Was a Follower of Sif Muna.
             Succumbed to a hornet's poison
             ... on level 7 of the Dungeon.
             The game lasted 00:12:55 (7930 turns).

MisterAzrael the Magician (Deep Elf Hedge Wizard)   Turns: 7930, Time: 00:12:56

Health: -2/36      AC:  4    Str:  7    XL:     7   Next: 88%
Magic:  15/19      EV: 12    Int: 21    God:    Sif Muna [*.....]
Gold:   224        SH:  0    Dex: 14    Spells: 6/19 levels left

rFire   . . .      SeeInvis .    a - +0 dagger
rCold   + . .      Faith    .    (no shield)
rNeg    . . .      Spirit   .    b - +0 robe
rPois   .          Reflect  .    c - +0 hat
rElec   .          Harm     .    l - +0 cloak
rCorr   .          Rampage  .    q - +0 pair of gloves
Will    .....                    (no boots)
Stlth   ++........               (no amulet)
HPRegen 0.12/turn                v - ring of protection from cold
MPRegen 0.16/turn                (no ring)

@: lethally poisoned (-2 -> -15), on blink cooldown, slowed, very slow
A: no striking features
a: Renounce Religion, Channel Magic


You were on level 7 of the Dungeon.
You worshipped Sif Muna.
Sif Muna was aware of your devotion.
You visited 2 branches of the dungeon, and saw 8 of its levels.

You collected 224 gold pieces.

Inventory:

Hand Weapons
 a - a +0 dagger (weapon)
 y - a +1 spear of freezing
Armour
 b - a +0 robe (worn)
 c - a +0 hat (worn)
 l - a +0 cloak (worn)
 q - a +0 pair of gloves (worn)
Magical Staves
 u - a staff of cold
Jewellery
 v - a ring of protection from cold (left hand)
 w - an amulet of faith
Scrolls
 d - a scroll of immolation {unknown}
 e - a scroll of enchant armour {unknown}
 f - 2 scrolls of identify
 g - 2 scrolls of enchant weapon {unknown}
 h - a scroll of summoning
 i - a scroll of blinking {unknown}
 j - a scroll of torment {unknown}
 m - 3 scrolls of magic mapping
 n - 3 scrolls of amnesia
 p - a scroll of teleportation
 t - a scroll of poison {unknown}
Potions
 k - a potion of mutation {unknown}
 o - a potion of invisibility {unknown}
 r - 3 potions of curing {unknown}
 s - a potion of attraction {unknown}
 x - a potion of haste {unknown}
 z - a potion of flight {unknown}


   Skills:
 - Level 2.4 Dodging
 - Level 2.4 Stealth
 + Level 6.9 Spellcasting
 * Level 6.4 Conjurations
 - Level 1.1 Summonings
 * Level 2.0 Necromancy
 - Level 2.3 Translocations
 - Level 5.0 Fire Magic


You had 6 spell levels left.
You knew the following spells:

 Your Spells              Type           Power      Damage    Failure   Level
a - Magic Dart            Conj           100%       1d8       1%          1
b - Static Discharge      Conj/Air       40%        3-6/arc   3%          2
c - Blink                 Tloc           34%        N/A       4%          2
d - Sticky Flame          Conj/Fire      31%        2d5       9%          4
e - Dispel Undead         Necr           15%        3d10      36%         4

Your spell library contained the following spells:

 Spells                   Type           Power      Damage    Failure   Level
 Slow                     Hex            28%        N/A       9%          1
 Call Imp                 Summ           11%        N/A       9%          2
 Cigotuvi's Dreadful Rot  Necr/Pois/Air  20%        N/A       11%         2
 Mephitic Cloud           Conj/Pois/Air  16%        N/A       11%         3


Dungeon Overview and Level Annotations

Branches:
Dungeon (7/15)             Temple (1/1) D:4

Altars:
Ashenzari
Cheibriados
Dithmenos
Elyvilon
Fedhas
Kikubaaqudgha
Makhleb
Nemelex Xobeh
Okawaru
Ru
Sif Muna
Uskayaw
Vehumet
Wu Jian
Xom
Yredelemnul
Zin

Shops:
D:1 (?=:   D:2 *((   D:7 *(

Annotations:
Temple 2 transporters


Message History

Your surroundings suddenly seem different.
A hornet comes into view.
Found a scroll labelled DYVI OCKYG.
You open the door.
An iguana comes into view.
The iguana hisses angrily.
There is an open door here.
The iguana bites you!
* * * LOW HITPOINT WARNING * * *
You are too injured to fight recklessly!
Aiming: Sticky Flame (quite dangerous; 9% risk of failure)
Press: ? - help, Q - select action, (/) - cycle Shift-Dir - straight line, f - iguana
Aim: an iguana (100% to hit)
The sticky flame hits the iguana but does no damage.
The iguana is covered in liquid flames!
The iguana burns!
The iguana barely misses you.
The iguana burns!
There is an open door here.
The iguana burns!
The iguana attacks as you move away! The iguana misses you.
The hornet buzzes angrily.
The iguana burns!
You kill the iguana!
Sif Muna accepts your kill.
You can now call upon Sif Muna for magical energy.
Your Necromancy skill increases to level 2!
There is an open door here.
You see here an iguana corpse.
As you read the scroll of teleportation, it crumbles to dust.
You feel strangely unstable.
Casting: Sticky Flame (quite dangerous; 9% risk of failure)
Confirm with . or Enter, or press ? or * to list all spells.
You blink.
The hornet stings you.
* * * LOW HITPOINT WARNING * * *
You are lethally poisoned!
You feel yourself slow down. The hornet stings you.
* * * LOW HITPOINT WARNING * * *
You feel as though you will be slow longer.
Your surroundings seem slightly different.
You die...

###########
........y.#
#########.#
#§# ###†#####
#......?#
#.......#
#..@....#
#.......#
#.......#
#.......#
..........
.....#......
#######......
# ...... .


You could see a hornet.

Vanquished Creatures
  2 ogres
  3 necrophages
  A gnoll sergeant (D:6)
  A scorpion (D:4)
  4 hounds
  An iguana (D:7)
  An orc wizard (D:4)
  3 gnolls
  4 adders
  2 white imps
  An ufetubus (D:7)
  A worm zombie (D:5)
  A worm (D:3)
  8 dart slugs
  9 orcs
  5 bats
  6 endoplasms
  3 giant cockroaches
  6 goblins
  4 hobgoblins
  7 jackals
  6 quokkas
  6 ball pythons
  4 frilled lizards
  9 kobolds
  4 rats
102 creatures vanquished.

Vanquished Creatures (collateral kills)
  A human zombie (D:5)
  2 orc priests (D:5)
  4 orcs (D:5)
7 creatures vanquished.

Vanquished Creatures (others)
  6 fungi (D:2)
  11 plants (D:2)
17 creatures vanquished.

Grand Total: 126 creatures vanquished

Notes
Turn   | Place    | Note
-------+----------+-------------------------------------------
     0 | D:1      | MisterAzrael the Deep Elf Hedge Wizard began the quest for
                  | the Orb.
     0 | D:1      | Reached XP level 1. HP: 10/10 MP: 7/7
    26 | D:1      | Noticed a snapping turtle
    26 | D:1      | Noticed a wyvern
    26 | D:1      | Noticed a swamp worm
    27 | D:1      | Noticed a black mamba
    27 | D:1      | Noticed a black bear
    39 | D:1      | Found Piyn's Magic Scroll Emporium.
    85 | D:1      | You fall into a shaft and drop 1 floor!
   476 | D:2      | Found Wiadgh's General Store.
   518 | D:1      | Reached XP level 2. HP: 15/15 MP: 7/9
   716 | D:1      | Found Eneoveky's Book Emporium.
   797 | D:1      | Found Ydacemoreile's Jewellery Boutique.
  1060 | D:1      | Learned a level 2 spell: Static Discharge
  1210 | D:1      | Learned a level 2 spell: Blink
  1399 | D:1      | Found Dyru Bel's Weapon Shoppe.
  1445 | D:1      | Reached XP level 3. HP: 19/19 MP: 6/11
  2283 | D:2      | Found a faded altar of an unknown god.
  2679 | D:2      | Reached skill level 5 in Spellcasting
  2791 | D:2      | Found Yqodaont's Antique Weapon Boutique.
  2905 | D:2      | Found Hoxaangu's Weapon Emporium.
  3499 | D:3      | Found a hide-covered altar of Uskayaw.
  3828 | D:3      | Reached XP level 4. HP: 23/24 MP: 10/13
  3833 | D:3      | Learned a level 4 spell: Sticky Flame
  4222 | D:3      | Reached skill level 1 in Fire Magic
  4678 | D:4      | Noticed a scorpion
  4684 | D:4      | Killed a scorpion
  4685 | D:4      | Reached XP level 5. HP: 15/28 MP: 5/14
  4697 | D:5      | Entered Level 5 of the Dungeon
  4903 | D:4      | Noticed an ogre
  5075 | D:3      | Learned a level 4 spell: Dispel Undead
  5205 | D:4      | Reached XP level 6. HP: 13/32 MP: 12/16
  5457 | D:4      | Reached skill level 5 in Conjurations
  5863 | D:4      | Found a staircase to the Ecumenical Temple.
  5871 | Temple   | Entered the Ecumenical Temple
  5871 | Temple   | Found a transporter.
  5871 | Temple   | Found a transporter.
  5873 | Temple   | Found a transporter.
  5873 | Temple   | Found a transporter.
  5896 | Temple   | Became a worshipper of Sif Muna the Loreminder
  6307 | D:5      | Reached XP level 7. HP: 31/36 MP: 3/18
  7008 | D:5      | Reached skill level 5 in Fire Magic
  7382 | D:6      | Reached skill level 1 in Necromancy
  7614 | D:7      | Found a glowing silver altar of Zin.
  7821 | D:7      | Found Upiohahy's Antique Weapon Boutique.
  7856 | D:7      | Found Ecoleu's Assorted Antiques.
  7910 | D:7      | Noticed a hornet
  7921 | D:7      | Reached * piety under Sif Muna
  7930 | D:7      | Succumbed to a hornet's poison

Illustrated notes

Levels and vault maps discovered:
D:1:      onia_arrival_zoo_common, layout_loops_corners, serial_shops, shop,
          nicolae_diamond_shop, nicolae_shop_hallway_plus,
          nicolae_shop_bloodbath_and_beyond
D:2:      layout_basic, serial_shops, shop, nicolae_square_shop, shop,
          shapermc_ecumenical_altar_mp_ritualfount
D:3:      minmay_chambers_of_threes, layout_rooms, mainiacjoe_overflow_24_doors,
          nicolae_figureground_sparkle
D:4:      cheibrodos_old_hovel, layout_cave_pools,
          minmay_temple_entry_enclosed_plants
D:5:      layout_gridville, enter_ossuary_3
D:6:      layout_loops_ring, lemuel_crystal_altar
D:7:      minmay_flawed_box, layout_basic, mainiacjoe_overflow_brackets,
          mainiacjoe_overflow_boulevard, serial_shops,
          nicolae_shop_hallway_stairs, nicolae_shop_trees,
          nicolae_shop_hallway_stairs, shop, mrwooster_statue_mirror,
          uniq_joseph
Temple:   hellmonk_temple_divided_pantheon

Skill      XL: |  1  2  3  4  5  6  7 |
---------------+----------------------+-----
Conjurations   | 2 3 4 5 6 |  6.4
Translocations | 2 |  2.3
Spellcasting   | 5 6 |  6.9
Fire Magic     | 2 3 4 5 |  5.0
Necromancy     | 2 |  2.0
Dodging        | |  2.4
Stealth        | |  2.4
Summonings     | |  1.1

Action                   |  1- 3 |  4- 6 |  7- 9 || total
-------------------------+-------+-------+-------++-------
Melee: Dagger            |     5 |     4 |     5 ||    14
       Punch             |     1 |     1 |       ||     2
 Cast: Magic Dart        |    44 |    23 |     3 ||    70
       Static Discharge  |    36 |    44 |     2 ||    82
       Sticky Flame      |       |     1 |    11 ||    12
       Blink             |       |       |     2 ||     2
Evoke: Wand              |       |     6 |       ||     6
  Use: Potion            |       |     4 |       ||     4
       Scroll            |       |     6 |     2 ||     8
Armor: Robe              |    15 |    15 |     2 ||    32
Dodge: Dodged            |    27 |    37 |    19 ||    83

Table legend: (Time is in decaauts)
 A = Elapsed time spent in this place.
 B = Non-inter-level travel time spent in this place.
 C = Inter-level travel time spent in this place.
 D = Time resting spent in this place.
 E = Time spent auto-exploring this place.
 F = Levels seen in this place.
 G = Mean time per level.
                   A        B        C        D        E       F      G
               +--------+--------+--------+--------+--------+-----+--------+
         Total |   7929 |   7800 |    129 |   2005 |   4884 |   8 |  991.1 |
       Dungeon |   7884 |   7755 |    129 |   2005 |   4878 |   7 | 1126.3 |
        Temple |     44 |     44 |      0 |      0 |      6 |   1 |   44.0 |
               +--------+--------+--------+--------+--------+-----+--------+

Top non-repeatable levels by time:
     D:3: 1744 daAuts
     D:2: 1692 daAuts
     D:1: 1383 daAuts
     D:5: 1374 daAuts
     D:4: 1080 daAuts
     D:7: 538 daAuts
     D:6: 69 daAuts
  Temple: 44 daAuts
